AAA EAST
FLORIDA FIRE FROGS @ TOLEDO MUD HENS
08/17/2041
 
TOP OF THE 1ST
Florida Fire Frogs batting - Pitching for Toledo Mud Hens : RHP Greg Santiago
Pitching: RHP Greg Santiago
Batting: SHB Dave Williams 0-0: Swinging Strike
0-1: Swinging Strike
0-2: Strikes out looking
Batting: SHB Juan Arroyo 0-0: Called Strike
0-1: Foul Ball, location: 5F
0-2: Ball
1-2: Strikes out swinging
Batting: LHB Juan Pimentero 0-0: Ball
1-0: Called Strike
1-1: Called Strike
1-2: Ball
2-2: Fly out, F7 (Flyball, 78S, EV 91.9 MPH)
Top of the 1st over - 0 runs, 0 hits, 0 errors, 0 left on base; Florida 0 - Toledo 0
BOTTOM OF THE 1ST
Toledo Mud Hens batting - Pitching for Florida Fire Frogs : RHP Víctor Martínez
Pitching: RHP Víctor Martínez
Batting: RHB Jesús Barajas 0-0: Foul Ball, location: 2F
0-1: Called Strike
0-2: Ball
1-2: Strikes out swinging
Batting: LHB Jon Bray 0-0: Foul Ball, location: 25F
0-1: Ground out 4-3 (Groundball, 4, EV 101.9 MPH)
Batting: RHB Tony Blevins 0-0: Ball
1-0: Ground out 4-3 (Groundball, 4, EV 77.5 MPH)
Bottom of the 1st over - 0 runs, 0 hits, 0 errors, 0 left on base; Florida 0 - Toledo 0
TOP OF THE 2ND
Florida Fire Frogs batting - Pitching for Toledo Mud Hens : RHP Greg Santiago
Batting: LHB Nicodemo Colonnese 0-0: Ball
1-0: Foul Ball, location: 5F
1-1: Ball
2-1: Ball
3-1: Base on Balls
Batting: RHB Jorge García 0-0: Called Strike
Nicodemo Colonnese steals 2nd base
0-1: Ball
1-1: Called Strike
1-2: Foul Ball, location: 9LSF
1-2: Ball
2-2: Fly out, F4 (Popup, 34, EV 58.1 MPH)
Batting: LHB Eric Vásquez 0-0: Ball
1-0: Called Strike
1-1: Called Strike
1-2: Ball
2-2: Strikes out swinging
Batting: SHB António Cisneros 0-0: Ground out 4-3 (Groundball, 4M, EV 83.8 MPH)
Top of the 2nd over - 0 runs, 0 hits, 0 errors, 1 left on base; Florida 0 - Toledo 0
BOTTOM OF THE 2ND
Toledo Mud Hens batting - Pitching for Florida Fire Frogs : RHP Víctor Martínez
Batting: LHB Eric Mason 0-0: SINGLE (Groundball, 4MD, EV 98.1 MPH)
Batting: RHB Tache Grigore 0-0: Ball
1-0: Called Strike
1-1: Ball
2-1: Called Strike
2-2: Ball
3-2: Foul Ball, location: 2F
3-2: Base on Balls
Eric Mason to second
Batting: SHB Loc Dang 0-0: Ball
1-0: Fielders Choice at 2nd, 3-6 (Groundball, 34, EV 86.9 MPH)
Eric Mason to third
Batting: LHB Kevin Badger 0-0: Ball
1-0: Ball
2-0: Ball
3-0: Base on Balls
Loc Dang to second
Batting: RHB Don Lewis 0-0: Ball
1-0: Ball
2-0: Ball
3-0: Called Strike
3-1: Reached on error, E5 (Groundball, 56, EV 106.9 MPH)
Eric Mason scores
Loc Dang to third
Kevin Badger to second
Batting: RHB Josh Adams 0-0: Called Strike
0-1: Grounds into double play, 5-4-3 (Groundball, 56, EV 102.5 MPH)
Bottom of the 2nd over - 1 run, 1 hit, 1 error, 2 left on base; Florida 0 - Toledo 1
TOP OF THE 3RD
Florida Fire Frogs batting - Pitching for Toledo Mud Hens : RHP Greg Santiago
Batting: RHB Ed Walker 0-0: Ball
1-0: Foul Ball, location: 9LSF
1-1: Foul Ball, location: 9LMF
1-2: Strikes out swinging
Batting: RHB Alfredo Mendoza 0-0: Ball
1-0: Foul Ball, location: 2F
1-1: Foul Ball, location: 7LMF
1-2: Strikes out swinging
Batting: SHB Dave Williams 0-0: Foul Ball, location: 2F
0-1: Ball
1-1: Ball
2-1: Ball
3-1: Called Strike
3-2: Base on Balls
Batting: SHB Juan Arroyo 0-0: Foul Ball, location: 7LMF
0-1: Swinging Strike
0-2: Ball
Dave Williams steals 2nd base
1-2: DOUBLE (Line Drive, 8RXD, EV 108.8 MPH)
Dave Williams scores
Batting: LHB Juan Pimentero 0-0: Called Strike
0-1: Ball
1-1: Ball
2-1: Called Strike
2-2: Fly out, F7 (Flyball, 78S, EV 93.1 MPH)
Top of the 3rd over - 1 run, 1 hit, 0 errors, 1 left on base; Florida 1 - Toledo 1
BOTTOM OF THE 3RD
Toledo Mud Hens batting - Pitching for Florida Fire Frogs : RHP Víctor Martínez
Batting: RHB Jesús Barajas 0-0: Foul Ball, location: 9LMF
0-1: Ball
1-1: Ball
2-1: Ball
3-1: SOLO HOME RUN (Line Drive, 7D, EV 95.0 MPH), Distance : 366 ft
Batting: LHB Jon Bray 0-0: Foul Ball, location: 3FF
0-1: Ball
1-1: Foul Ball, location: 2F
1-2: Strikes out swinging
Batting: RHB Tony Blevins 0-0: Ball
1-0: Swinging Strike
1-1: Ground out 6-3 (Groundball, 6MS, EV 78.1 MPH)
Batting: LHB Eric Mason 0-0: Called Strike
0-1: Swinging Strike
0-2: Ball
1-2: Ball
2-2: Ground out 4-3 (Groundball, 34, EV 83.8 MPH)
Bottom of the 3rd over - 1 run, 1 hit, 0 errors, 0 left on base; Florida 1 - Toledo 2
TOP OF THE 4TH
Florida Fire Frogs batting - Pitching for Toledo Mud Hens : RHP Greg Santiago
Batting: LHB Nicodemo Colonnese 0-0: Foul Ball, location: 9LSFF
0-1: Ball
1-1: Fly out, F9 (Flyball, 9D, EV 80.0 MPH)
Batting: RHB Jorge García 0-0: Foul Ball, location: 2F
0-1: Called Strike
0-2: Ball
1-2: Strikes out swinging
Batting: LHB Eric Vásquez 0-0: Ball
1-0: Swinging Strike
1-1: Foul Ball, location: 9LSF
1-2: Hit by Pitch
Pinch Runner at 1st Álex Montáñez:
Batting: SHB António Cisneros 0-0: Called Strike
0-1: Foul Ball, location: 7LSF
0-2: 2-RUN HOME RUN (Flyball, 7LD, EV 92.5 MPH), Distance : 343 ft
Batting: RHB Ed Walker 0-0: Foul Ball, location: 23F
0-1: Swinging Strike
0-2: Ball
1-2: Ball
2-2: Foul Ball, location: 2RF
2-2: Foul Ball, location: 2F
2-2: Ball
3-2: Fly out, F3 (Popup, 3S, EV 73.8 MPH)
Top of the 4th over - 2 runs, 1 hit, 0 errors, 0 left on base; Florida 3 - Toledo 2
BOTTOM OF THE 4TH
Toledo Mud Hens batting - Pitching for Florida Fire Frogs : RHP Víctor Martínez
Now at 1B: Álex Montáñez
Batting: RHB Tache Grigore 0-0: Called Strike
0-1: Ground out 5-3 (Groundball, 5, EV 105.6 MPH)
Batting: SHB Loc Dang 0-0: Ball
1-0: Ground out U3 (Groundball, 3L, EV 83.8 MPH)
Batting: LHB Kevin Badger 0-0: Called Strike
0-1: Foul Ball, location: 7LSF
0-2: Ball
1-2: Ball
2-2: Strikes out swinging
Bottom of the 4th over - 0 runs, 0 hits, 0 errors, 0 left on base; Florida 3 - Toledo 2
TOP OF THE 5TH
Florida Fire Frogs batting - Pitching for Toledo Mud Hens : RHP Greg Santiago
Batting: RHB Alfredo Mendoza 0-0: Swinging Strike
0-1: Swinging Strike
0-2: Foul Ball, location: 3FF
0-2: Strikes out looking
Batting: SHB Dave Williams 0-0: Ball
1-0: Called Strike
1-1: Swinging Strike
1-2: Strikes out swinging
Batting: SHB Juan Arroyo 0-0: Foul Ball, location: 2F
0-1: Foul Ball, location: 2RF
0-2: Fly out, F9 (Flyball, 9, EV 93.1 MPH)
Top of the 5th over - 0 runs, 0 hits, 0 errors, 0 left on base; Florida 3 - Toledo 2
BOTTOM OF THE 5TH
Toledo Mud Hens batting - Pitching for Florida Fire Frogs : RHP Víctor Martínez
Batting: RHB Don Lewis 0-0: Called Strike
0-1: Fly out, F8 (Flyball, 8LM, EV 91.9 MPH)
Batting: RHB Josh Adams 0-0: Swinging Strike
0-1: Ball
1-1: Swinging Strike
1-2: SINGLE (Line Drive, 6D, EV 95.0 MPH)
Batting: RHB Jesús Barajas 0-0: Called Strike
0-1: Ball
1-1: Called Strike
1-2: Ball
2-2: SINGLE (Line Drive, 56D, EV 68.1 MPH)
Josh Adams to second
Batting: LHB Jon Bray 0-0: Fly out, F8 (Flyball, 8LXD, EV 105.6 MPH)
Runner from 2nd tags up, SAFE at 3rd, no throw by CF
Batting: RHB Tony Blevins 0-0: Called Strike
0-1: Foul Ball, location: 9LMF
0-2: Foul Ball, location: 2F
0-2: Fly out, F5 (Popup, 15, EV 75.0 MPH)
Bottom of the 5th over - 0 runs, 2 hits, 0 errors, 2 left on base; Florida 3 - Toledo 2
TOP OF THE 6TH
Florida Fire Frogs batting - Pitching for Toledo Mud Hens : RHP Greg Santiago
Batting: LHB Juan Pimentero 0-0: Called Strike
0-1: Ball
1-1: Foul Ball, location: 23F
1-2: Ball
2-2: Foul Ball, location: 2F
2-2: Ball
3-2: Hit by Pitch
Batting: LHB Nicodemo Colonnese 0-0: Foul Ball, location: 9LSF
0-1: Swinging Strike
0-2: Foul Ball, location: 7LDF
0-2: Ball
1-2: Ball
2-2: Ball
3-2: Foul Ball, location: 7LMF
3-2: Strikes out swinging
Batting: RHB Jorge García 0-0: Called Strike
0-1: Ball
1-1: Grounds into double play, 6-4-3 (Groundball, 6, EV 110.0 MPH)
Top of the 6th over - 0 runs, 0 hits, 0 errors, 0 left on base; Florida 3 - Toledo 2
BOTTOM OF THE 6TH
Toledo Mud Hens batting - Pitching for Florida Fire Frogs : RHP Víctor Martínez
Batting: LHB Eric Mason 0-0: Fly out, F7 (Line Drive, 7, EV 86.9 MPH)
Batting: RHB Tache Grigore 0-0: Ball
1-0: Ball
2-0: Called Strike
2-1: Ball
3-1: Base on Balls
Batting: SHB Loc Dang 0-0: Swinging Strike
0-1: Ball
1-1: Called Strike
1-2: Foul Ball, location: 5FF
1-2: Grounds into double play, 5-4-3 (Groundball, 5, EV 91.9 MPH)
Bottom of the 6th over - 0 runs, 0 hits, 0 errors, 0 left on base; Florida 3 - Toledo 2
TOP OF THE 7TH
Florida Fire Frogs batting - Pitching for Toledo Mud Hens : RHP Greg Santiago
Batting: RHB Álex Montáñez 0-0: Ball
1-0: Ball
2-0: Called Strike
2-1: Swinging Strike
2-2: Ground out 6-3 (Groundball, 6M, EV 85.0 MPH)
Batting: SHB António Cisneros 0-0: Foul Ball, location: 23F
0-1: Ball
1-1: Ground out 5-3 (Groundball, 56, EV 77.5 MPH)
Batting: RHB Ed Walker 0-0: Called Strike
0-1: Foul Ball, location: 2F
0-2: Ball
1-2: Ball
2-2: Fly out, F7 (Line Drive, 7, EV 85.0 MPH)
Top of the 7th over - 0 runs, 0 hits, 0 errors, 0 left on base; Florida 3 - Toledo 2
BOTTOM OF THE 7TH
Toledo Mud Hens batting - Pitching for Florida Fire Frogs : RHP Víctor Martínez
Batting: LHB Kevin Badger 0-0: Foul Ball, location: 3FF
0-1: Ball
1-1: Ball
2-1: Ground out 4-3 (Groundball, 4, EV 91.3 MPH)
Pinch Hitting: LHB José García 0-0: Called Strike
0-1: Foul Ball, location: 2F
0-2: Strikes out swinging
Batting: RHB Josh Adams 0-0: Called Strike
0-1: Ball
1-1: Foul Ball, location: 2F
1-2: Ball
2-2: SINGLE (Line Drive, 89S, EV 100.0 MPH)
Batting: RHB Jesús Barajas 0-0: Called Strike
0-1: Ball
1-1: Called Strike
1-2: Ball
2-2: SINGLE (Line Drive, 34D, EV 110.6 MPH)
Josh Adams to second
Batting: LHB Jon Bray 0-0: Ball
1-0: Called Strike
1-1: Foul Ball, location: 2RF
1-2: Foul Ball, location: 7LSF
1-2: Ball
2-2: Foul Ball, location: 3FF
2-2: TRIPLE (Line Drive, 89XD, EV 106.9 MPH)
Josh Adams scores
Jesús Barajas scores
Pitching: RHP Toby Mccarthy
Batting: RHB Tony Blevins 0-0: Called Strike
0-1: Ball
1-1: Ball
2-1: Foul Ball, location: 9LMF
2-2: Ball
3-2: Fly out, F7 (Flyball, 7, EV 91.3 MPH)
Bottom of the 7th over - 2 runs, 3 hits, 0 errors, 1 left on base; Florida 3 - Toledo 4
TOP OF THE 8TH
Florida Fire Frogs batting - Pitching for Toledo Mud Hens : RHP Greg Santiago
Pitching: RHP Willie Day
Now in CF: Doug Foley
Batting: RHB Alfredo Mendoza 0-0: Swinging Strike
0-1: Foul Ball, location: 2F
0-2: Strikes out swinging
Batting: SHB Dave Williams 0-0: Ball
1-0: Foul Ball, location: 2F
1-1: Ball
2-1: Fly out, F8 (Line Drive, 8RD, EV 85.6 MPH)
Batting: SHB Juan Arroyo 0-0: Swinging Strike
0-1: Foul Ball, location: 5SF
0-2: Ball
1-2: Strikes out looking
Top of the 8th over - 0 runs, 0 hits, 0 errors, 0 left on base; Florida 3 - Toledo 4
BOTTOM OF THE 8TH
Toledo Mud Hens batting - Pitching for Florida Fire Frogs : RHP Toby Mccarthy
Batting: LHB Eric Mason 0-0: Called Strike
0-1: Foul Ball, location: 23F
0-2: Ball
1-2: Ball
2-2: Fly out, F7 (Flyball, 7, EV 93.8 MPH)
Batting: RHB Tache Grigore 0-0: Ball
1-0: Ball
2-0: Ball
3-0: Called Strike
3-1: Foul Ball, location: 3DF
3-2: Base on Balls
Batting: SHB Loc Dang 0-0: Swinging Strike
0-1: SINGLE (Groundball, 6M, EV 100.0 MPH) (infield hit)
Tache Grigore to second
Batting: LHB Kevin Badger 0-0: Ball
1-0: Called Strike
1-1: Swinging Strike
1-2: Foul Ball, location: 7LSF
1-2: Grounds out, U3 (Groundball, 3L, EV 85.6 MPH)
Tache Grigore to third
Batting: RHB Doug Foley 0-0: Called Strike
0-1: Foul Ball, location: 2F
0-2: Ball
1-2: Fly out, F8 (Flyball, 8LM, EV 94.4 MPH)
Bottom of the 8th over - 0 runs, 1 hit, 0 errors, 2 left on base; Florida 3 - Toledo 4
TOP OF THE 9TH
Florida Fire Frogs batting - Pitching for Toledo Mud Hens : RHP Willie Day
Pitching: RHP Héctor Escamilla
Batting: LHB Juan Pimentero 0-0: Ball
1-0: Ball
2-0: Foul Ball, location: 7LDF
2-1: Called Strike
2-2: Ball
3-2: Strikes out looking
Batting: LHB Nicodemo Colonnese 0-0: Called Strike
0-1: Ground out 1-3 (Groundball, 15S, EV 59.4 MPH)
Batting: RHB Jorge García 0-0: Ball
1-0: Swinging Strike
1-1: Called Strike
1-2: Fly out, F8 (Flyball, 8LD, EV 90.0 MPH)
Top of the 9th over - 0 runs, 0 hits, 0 errors, 0 left on base; Florida 3 - Toledo 4
Monday, April 1st , 2024 - OOTP Baseball 24.10 Build 82